 Dungeon Crawl Stone Soup version 0.29-a0-845-g6161e89988 (webtiles) character file.

Game seed: 18407622705946566119

6 zeratav the Conjurer (level 1, 0/11 HPs)
             Began as an Octopode Conjurer on July 16, 2022.
             Slain by a kobold
             ... wielding a +0 dagger
              (1 damage)
             ... on level 1 of the Dungeon.
             The game lasted 00:00:28 (319 turns).

zeratav the Conjurer (Octopode Conjurer)             Turns: 319, Time: 00:00:28

Health: 0/11       AC:  1    Str:  6    XL:     1   Next: 90%
Magic:  2/3        EV: 13    Int: 20    God:
Gold:   7          SH:  0    Dex: 10    Spells: 3/4 levels left

rFire   . . .      SeeInvis .   (no weapon)
rCold   . . .      Faith    .   (no shield)
rNeg    . . .      Spirit   .   (helmet restricted)
rPois   .          Reflect  .   (no amulet)
rElec   .          Harm     .   (no ring)
rCorr   .          Rampage  .   (no ring)
Will    .....                   (no ring)
Stlth   +++.......              (no ring)
HPRegen 0.03/turn               (no ring)
MPRegen 0.08/turn               (no ring)
                                (no ring)
                                (no ring)

@: no status effects
A: almost no armour, amphibious, 8 rings, camouflage 1, gelatinous body 1,
(nimble swimmer 1), tentacles
a: no special abilities


You were on level 1 of the Dungeon.
You visited 1 branch of the dungeon, and saw 1 of its levels.

You collected 7 gold pieces.


Innate Abilities, Weirdness & Mutations

You cannot wear most types of armour.
You are amphibious.
You can wear up to eight rings at the same time.
Your skin changes colour to match your surroundings (Stealth+).
Your rubbery body absorbs attacks. (AC +1, EV +1)
((You are camouflaged when in or above water. (Stealth+)))
You have tentacles for arms and can constrict up to eight enemies at once.


   Skills:
 - Level 2.0 Dodging
 + Level 3.2 Stealth
 - Level 2.0 Spellcasting
 + Level 4.1 Conjurations


You had 3 spell levels left.
You knew the following spells:

 Your Spells              Type           Power      Damage    Failure   Level
a - Magic Dart            Conj           72%        1d6       2%          1

Your spell library contained the following spells:

 Spells                   Type           Power      Damage    Failure   Level
 Searing Ray              Conj           36%        2d5       4%          2
 Dazzling Flash           Conj/Hex       20%        N/A       21%         3
 Fulminant Prism          Conj/Hex       5%         3d7       54%         4
 Iskenderun's Mystic Bla  Conj/Tloc      10%        2d4       54%         4

Inventory:

Scrolls
 c - a scroll of vulnerability {unknown}
Potions
 a - a potion of magic
 b - a potion of mutation {unknown}
 d - 2 potions of curing {unknown}

Dungeon Overview and Level Annotations

Branches:
Dungeon (1/15) Zot: 5680

Altars:

#......####.#.##....##.###
#.............##.##.##....
#......................###
####>.....................
####.#..###.........####.#
#........##.........# ..
#........##.........# ..
#........##.#.##+##### ..
#........@Kb.......... ..
#........##.#†........ ..
#........##+##.#..... ..
#.........b.....##...
#####..........)# ..
#............
#...........K.
#.............#
............


You could see a bat and a kobold.


Message History

You are out of magic!
You are out of magic!
There is a stone staircase leading down here.
There is a stone staircase leading down here.
A goblin comes into view. It is wielding a +0 club.
The goblin shouts!
MP[+3]
Your mp is fully restored (3).
The magic dart hits the goblin.
MP[-1]
You lost 1 mp, and now have 2/3 mp.
The magic dart hits the goblin.
You kill the goblin!
Your Stealth skill increases to level 3!
MP[-1]
You lost 1 mp, and now have 1/3 mp.
You can't see any susceptible monsters within range! (Use Z to cast anyway.)
A hobgoblin comes into view.
The magic dart hits the hobgoblin.
The hobgoblin shouts!
You hear a shout!
A giant cockroach comes into view.
The giant cockroach moves out of view.
MP[-1]
You lost 1 mp, and now have 0/3 mp.
You are out of magic!
You are out of magic!
A bat comes into view.
The hobgoblin attacks as you move away! The hobgoblin closely misses you.
You tentacle-slap the hobgoblin but do no damage.
You grab the hobgoblin. Your squeeze misses the hobgoblin.
You constrict the hobgoblin, but do no damage.
The hobgoblin hits you.
HP[-5]
You take 5 damage, and now have 6/11 hp.
MASSIVE DAMAGE!! (PAUSE)
You tentacle-slap the hobgoblin. You squeeze the hobgoblin.
You kill the hobgoblin!
The bat hits you but does no damage. The bat barely misses you.
A kobold comes into view. It is wielding a +0 dagger.
You tentacle-slap the giant cockroach. Your grab misses the giant cockroach.
The bat barely misses you. The giant cockroach closely misses you.
The bat attacks as you move away! The bat hits you but does no damage. x3
MP[+1]
The bat closely misses you. The bat attacks as you move away!
The bat closely misses you. x2
You tentacle-slap the giant cockroach but do no damage.
Your grab misses the giant cockroach. The giant cockroach closely misses you.
You closely miss the giant cockroach. Your grab misses the giant cockroach.
The giant cockroach closely misses you.
You tentacle-slap the giant cockroach but do no damage.
Your grab misses the giant cockroach. The giant cockroach closely misses you.
You tentacle-slap the giant cockroach but do no damage.
Your grab misses the giant cockroach. The giant cockroach bites you.
* * * LOW HITPOINT WARNING * * *
HP[-1]
You take 1 damage, and now have 5/11 hp.
You barely miss the giant cockroach. You grab the giant cockroach.
You constrict the giant cockroach. The giant cockroach closely misses you.
The giant cockroach barely misses you.
You tentacle-slap the giant cockroach but do no damage.
Your squeeze misses the giant cockroach.
You constrict the giant cockroach, but do no damage.
The giant cockroach bites you but does no damage.
You tentacle-slap the giant cockroach but do no damage.
You constrict the giant cockroach, but do no damage.
The giant cockroach bites you but does no damage.
You tentacle-slap the giant cockroach but do no damage.
You constrict the giant cockroach, but do no damage.
The giant cockroach completely misses you.
You tentacle-slap the giant cockroach but do no damage.
You constrict the giant cockroach. The giant cockroach closely misses you.
You tentacle-slap the giant cockroach.
You squeeze the giant cockroach, but do no damage.
You constrict the giant cockroach, but do no damage.
The giant cockroach misses you. The giant cockroach bites you.
* * * LOW HITPOINT WARNING * * *
HP[-1]
You take 1 damage, and now have 4/11 hp.
You tentacle-slap the giant cockroach but do no damage.
You constrict the giant cockroach.
You kill the giant cockroach!
The bat hits you but does no damage.
MP[+1]
You tentacle-slap the kobold but do no damage.
You grab the kobold.
You constrict the kobold, but do no damage.
The kobold hits you with a +0 dagger.
* * * LOW HITPOINT WARNING * * *
HP[-2]
You take 2 damage, and now have 2/11 hp.
You tentacle-slap the kobold but do no damage.
You squeeze the kobold, but do no damage.
You constrict the kobold. The kobold hits you with a +0 dagger.
* * * LOW HITPOINT WARNING * * *
HP[-1]
You take 1 damage, and now have 1/11 hp.
You barely miss the kobold.
You constrict the kobold, but do no damage.
The kobold hits you with a +0 dagger.
You die...

Skill      XL: |  1 |
---------------+----+-----
Stealth        | 3 |  3.2
Dodging        | |  2.0
Spellcasting   | |  2.0
Conjurations   | |  4.1

Action                   || total
-------------------------++-------
Melee: Unarmed           ||    17
       Constrict         ||     3
       Tentacles         ||     3
 Cast: Magic Dart        ||     8
Armor: Skin              ||     7
Dodge: Dodged            ||    15

Levels and vault maps discovered:
D:1:      erik_arrival_triangle_medium, layout_basic,
          minmay_misc_feat_secret_circle

Notes
Turn   | Place    | Note
-------+----------+-------------------------------------------
     0 | D:1      | zeratav the Octopode Conjurer began the quest for the Orb.
     0 | D:1      | Reached XP level 1. HP: 11/11 MP: 3/3
     0 | D:1      | magus.rc [v1.9.6]
   294 | D:1      | Reached skill level 3 in Stealth
   317 | D:1      | HP: 2/11 [kobold/+0 dagger (2)]
   319 | D:1      | Slain by a kobold

Vanquished Creatures
  An endoplasm (D:1)
  A giant cockroach (D:1)
  2 hobgoblins (D:1)
  A goblin (D:1)
5 creatures vanquished.

Table legend:
 A = Non-vault XP
 B = Vault XP
 C = Vault XP percentage of total XP
 D = Non-vault monster count
 E = Vault monster count
 F = Vault count percentage of total count
                 A         B        C        D         E       F
            +---------+---------+-------+---------+---------+-------
      Total |       9 |       0 |   0.0 |       5 |       0 |   0.0
            +---------+---------+-------+---------+---------+-------
        D:1 |       9 |       0 |   0.0 |       5 |       0 |   0.0
            +---------+---------+-------+---------+---------+-------

Illustrated notes

Table legend:
 A = Kills in this place as a percentage of kills in entire the game.
 B = Kills by you in this place as a percentage of kills by you in the entire game.
 C = Kills by friends in this place as a percentage of kills by friends in the entire game.
 D = Other kills in this place as a percentage of other kills in the entire game.
 E = Experience gained in this place as a percentage of experience gained in the entire game.
 F = Experience gained in this place divided by the number of levels of this place that you have seen.
                   A       B       C       D       E      F
               +-------+-------+-------+-------+-------+----------------------
         Total | 100.0 | 100.0 |   N/A |   N/A | 100.0 |   9.0
       Dungeon | 100.0 | 100.0 |   N/A |   N/A | 100.0 |   9.0
               +-------+-------+-------+-------+-------+----------------------

Table legend: (Time is in decaauts)
 A = Elapsed time spent in this place.
 B = Non-inter-level travel time spent in this place.
 C = Inter-level travel time spent in this place.
 D = Time resting spent in this place.
 E = Time spent auto-exploring this place.
 F = Levels seen in this place.
 G = Mean time per level.
                   A        B        C        D        E       F      G
               +--------+--------+--------+--------+--------+-----+--------+
         Total |    319 |    319 |      0 |      0 |    279 |   1 |  319.0 |
       Dungeon |    319 |    319 |      0 |      0 |    279 |   1 |  319.0 |
               +--------+--------+--------+--------+--------+-----+--------+

Top non-repeatable levels by time:
     D:1: 319 daAuts
